← All builds
Front / Armada / Economy first / OBSERVED BUILD

Standard front

Standard Front economy-first opening with Bot Lab and Vehicle Plant thrown down almost immediately, transitioning into a mixed Blitz/Rocketeer/Pawn/Janus army feeding the middle over the game.

#eco · 993 distinct matches · 133 players · 75% of Armada Front games · team won 63% of 1132 · Recently observed

HOW TO PLAY IT

Key timing: Vehicle Plant by 0:47

  1. Open 3 mex then Bot Lab and Vehicle Plant almost together.
  2. Layer wind while both labs start producing.
  3. Send early units to coast first to stop leaks, not middle.
  4. Add Construction Turrets as "Blitz", "Rocketeer", "Janus" mix builds up.
  5. Transition into Advanced Metal Extractor once T2 con is out.

Phase by phase

TYPICAL OF ITS 993 GAMES
  1. 1
  2. 2
  3. 3
PLAY THE OPENING

Follow the example game's first 6:00 step by step: what to build now, what comes next, and where it goes. At 1× it keeps pace with your own game.

  1. 1

    Up to the Bot Lab

    Economy
    • Metal Extractor2Mex
    • Wind Turbine1Wind
    Order
    1. Bot LabBot Lab after 3 mex, 1 winddone ~0:45, middle half 0:35–8:32

    Some games also: Vehicle Plant (41%)

    By 0:28 in all: 2 mex · 1 wind

    The example game in this phase · 2 steps
    1. Mex ×2
    2. Bot LabBot Labdone 0:34 · typical 0:45
  2. 2

    Bot Lab to 5:00

    Economy
    • Metal Extractor4Mex
    • Wind Turbine3Wind
    Army
    • Sentry1 Sentry

    Some games also: rocketeer (46%) · con bot (44%) · Lazarus (44%) · tick (41%) · centurion (36%)

    By 5:00 in all: 6 mex · 7 wind

    The example game in this phase · 31 steps
    1. Wind
    2. TickTick
    3. PawnPawn ×2
    4. Mex
    5. PawnPawn
    6. Construction BotCon bot
    7. NettleNettle ×2
    8. Construction BotCon bot
    9. Mex
    10. CenturionCenturion
    11. SentrySentry
    12. CenturionCenturion ×2
    13. Mex
    14. Solar
    15. LazarusLazarus
    16. Solar
    17. Wind
    18. RocketeerRocketeer
    19. Wind
    20. RocketeerRocketeer
    21. Wind
    22. RocketeerRocketeer
    23. Wind ×2
    24. RocketeerRocketeer
    25. Wind
    26. RocketeerRocketeer
    27. Wind
    28. MaceMace
    29. Wind
    30. Con turret
    31. Construction BotCon bot
  3. 3

    5:00 to 10:00

    Economy
    • Metal Extractor1Mex
    • Wind Turbine14Wind
    Builders
    • Construction Turret2 Con turret
    Army
    • Sentry1 Sentry

    Some games also: energy storage (46%) · rocketeer (39%) · blitz (38%) · pawn (36%) · Lazarus (36%)

    By 10:00 in all: 7 mex · 25 wind · 1 energy storage · 3 con turret

    The example game in this phase · 42 steps
    1. Construction BotCon bot
    2. Wind
    3. Construction BotCon bot
    4. Wind
    5. Construction BotCon bot
    6. Wind
    7. Construction BotCon bot
    8. Wind ×2
    9. MaceMace
    10. Wind
    11. MaceMace
    12. Wind
    13. Sneaky PeteSneaky Pete
    14. SentrySentry
    15. MaceMace
    16. Wind ×2
    17. Mex
    18. Wind
    19. MaceMace
    20. Wind
    21. MaceMace
    22. Mex
    23. MaceMace
    24. LazarusLazarus
    25. BeamerBeamer
    26. LazarusLazarus ×2
    27. Energy storage
    28. LazarusLazarus
    29. Mex
    30. Advanced Metal ExtractorT2 mexnot finished by 15:00 · typical 8:53
    31. BeamerBeamer
    32. BullBulldone 8:56
    33. Mex
    34. LazarusLazarus
    35. Sneaky PeteSneaky Pete
    36. MaceMace
    37. GunslingerGunslingerdone 11:00
    38. Radar TowerRadar Tower
    39. LazarusLazarus
    40. Mex
    41. GunslingerGunslinger
    42. CenturionCenturion

Counts are medians over the build's games: half of them build more, half fewer. The example game is Deathkebab's (36 OS, 19/09/2026); pick another.

Team trades

IN AT LEAST 30% OF ITS GAMES

You hand over

Nothing regular.

You get

  • Tidal Generator4 Tidal from Pondfirst at 0:18 · in 69% of games
  • Advanced Construction Bot1 T2 con bot from Geo or Techfirst at 7:18 · in 67% of games

How it plays out

Typical game of this build, running totals by minute

Metal produced

010k20k30k
0:005:0010:0015:00

metal

Enemy metal destroyed

05k10k
0:005:0010:0015:00

metal

Own metal lost

05k10k
0:005:0010:0015:00

metal

1132 games.

Show as table
ByMetal produced: This buildEnemy metal destroyed: This buildOwn metal lost: This build
1:0033300
2:008462131
3:001625141105
4:002716541333
5:0038681200817
6:00508321131522
7:00633229962419
8:00766238673347
9:00909046694310
10:001069453185050
11:001262558255709
12:001484563906523
13:001744970097234
14:002018076218098
15:002270483748944
WHAT THE NUMBERS SAY

Standard Front play wins more often than suicide front and produces more metal by 15:00, reflecting its safer positioning.

  • + Metal produced reaches 22219 by 15:00, above suicide front's 19882
  • + Own losses of 8949 stay under enemy metal destroyed's near-equal 8347
  • − First unit lost by 1:44 shows exposure even from the safer side
  • − Wider gap to defend demands disciplined coast-then-mid unit movement
THE EXAMPLE YOU ARE READING

Deathkebab

36.2 OS · 19/09/2026

Open source match ↗

10 received units · includes a constructor
636 metal received · 17915 energy received

Allied construction assistance is unknown. Timings are observations, not a promise of solo reproducibility.

Typical milestones

Bot Lab0:45Middle 50%: 0:35–8:32 · n=715
Vehicle Plant0:47Middle 50%: 0:37–0:58 · n=802
Advanced Metal Extractor8:53Middle 50%: 8:01–10:02 · n=907

Played most by

Hummell97games of this buildhaaven93games of this buildLeohvm81games of this buildXad63games of this buildImmort40games of this build